 Dungeon Crawl Stone Soup version 0.29.0-4-gdea44cf6ec (webtiles) character file.

Game seed: 9919853413795126645

22 qw the Chopper (level 2, 0/17 HPs)
             Began as a Tengu Warper on Aug 28, 2022.
             Slain by an ufetubus (3 damage)
             ... on level 2 of the Dungeon.
             The game lasted 00:00:05 (1239 turns).

qw the Chopper (Tengu Warper)                       Turns: 1239, Time: 00:00:06

Health: 0/17       AC:  3    Str: 11    XL:     2   Next: 91%
Magic:  6/6        EV: 11    Int: 13    God:
Gold:   57         SH:  0    Dex: 13    Spells: 5/5 levels left

rFire   . . .      SeeInvis .   Y - +0 hand axe
rCold   . . .      Faith    .   (no shield)
rNeg    . . .      Spirit   .   b - +0 leather armour
rPois   .          Reflect  .   (helmet restricted)
rElec   .          Harm     .   (no cloak)
rCorr   .          Rampage  .   (no gloves)
Will    .....                   (boots unavailable)
Stlth   +.........              (no amulet)
HPRegen 0.05/turn               (no ring)
MPRegen 0.10/turn               (no ring)

@: no status effects
A: beak, talons 3
a: no special abilities


You were on level 2 of the Dungeon.
You visited 1 branch of the dungeon, and saw 2 of its levels.

You collected 57 gold pieces.


Innate Abilities, Weirdness & Mutations

You have a beak for a mouth.
You have claws for feet.


   Skills:
 - Level 2.0 Fighting
 + Level 3.6 Axes
 - Level 1.0 Throwing
 - Level 1.1 Armour
 - Level 2.1 Dodging
 - Level 2.0 Spellcasting
 - Level 2.4 Translocations


You had 5 spell levels left.
You didn't know any spells.
Your spell library contained the following spells:

 Spells                   Type           Power      Damage    Failure   Level
 Blink                    Tloc           14%        N/A       19%         2
 Gell's Gravitas          Tloc           7%         N/A       36%         3
 Lesser Beckoning         Tloc           7%         N/A       36%         3
 Teleport Other           Tloc           7%         N/A       36%         3
 Manifold Assault         Tloc           7%         N/A       98%         5

Inventory:

Hand Weapons
 k - a +0 whip
 Y - a +0 hand axe (weapon)
Armour
 b - a +0 leather armour (worn)
Scrolls
 a - a scroll of identify
Potions
 d - a potion of mutation {unknown}
 i - a potion of magic {unknown}
 m - a potion of curing {unknown}

Dungeon Overview and Level Annotations

Branches:
Dungeon (2/15)

Altars:


Message History

An adder comes into view.
The adder hisses angrily.
Enter note: You feel your willpower return.
The adder barely misses you.
You hit the adder. You peck the adder.
The adder is heavily wounded.
The adder bites you.
You are poisoned.
The adder poisons you!
You hit the adder.
You kill the adder!
You feel sick.
You start resting.
You feel sick. x4
You are no longer poisoned.
You feel a little less clever now.
HP restored.
Found a stone staircase leading down.
Found a quarterstaff.
An ufetubus comes into view.
Found an escape hatch in the ceiling.
You miss the ufetubus.
The ufetubus hits you but does no damage.
The ufetubus closely misses you. The ufetubus barely misses you. x2
You hit the ufetubus.
The ufetubus is heavily wounded.
The ufetubus closely misses you.
The ufetubus hits you but does no damage.
You barely miss the ufetubus. You claw the ufetubus.
The ufetubus is almost dead.
The ufetubus hits you. x3; The ufetubus closely misses you.
You closely miss the ufetubus.
The ufetubus is almost dead.
The ufetubus hits you but does no damage.
The ufetubus closely misses you. The ufetubus hits you. x2
You hit the ufetubus but do no damage.
The ufetubus is severely wounded.
The ufetubus hits you.
You die...

#### ..).#####
........# ..<....>+
........# #....5.+
#####@# #.....#
#.###.# #.#######
######
#.###.##....####....#
##...........'.....#.#
#.......#....####..#.#
#.......#######....#.#
.........# #..#.#.#


You could see an ufetubus.

Vanquished Creatures
  An adder (D:2)
  2 bats (D:1)
  A giant cockroach (D:1)
  3 hobgoblins (D:1)
  A quokka (D:1)
  A ball python (D:1)
  A frilled lizard (D:1)
  2 kobolds (D:1)
  A rat (D:1)
13 creatures vanquished.

Notes
Turn   | Place    | Note
-------+----------+-------------------------------------------
     0 | D:1      | qw the Tengu Warper began the quest for the Orb.
     0 | D:1      | Reached XP level 1. HP: 12/12 MP: 4/4
     0 | D:1      | 0 ||| qw: Version: 0.1-a-89-g26bdef1
     0 | D:1      | 0 ||| qw: Game counter: 1819
     0 | D:1      | 0 ||| qw: Always use a shield: true
     0 | D:1      | 0 ||| qw: God list: Okawaru
     0 | D:1      | 0 ||| qw: Allow faded altars: false
     0 | D:1      | 0 ||| qw: Do Orc after D:15 true
     0 | D:1      | 0 ||| qw: Do second Lair branch before Depths: true
     0 | D:1      | 0 ||| qw: Lair rune preference: random
     0 | D:1      | 0 ||| qw: Plans: Normal
     0 | D:1      | 0 ||| PLANNING D:1-11
   206 | D:1      | HP: 3/12 [hobgoblin (3)]
   431 | D:1      | Reached XP level 2. HP: 16/17 MP: 6/6
   473 | D:1      | Reached skill level 3 in Axes
   998 | D:1      | 998 ||| DROPPING amulet of magic regeneration.
   999 | D:1      | 999 ||| READING 2 scrolls labelled RORRIL NAETE.
  1000 | D:1      | 1000 ||| READING scroll labelled OCKISO VICUAR.
  1001 | D:1      | 1001 ||| READING scroll labelled DUQUS ZAWNIETAUMMA.
  1002 | D:1      | 1002 ||| READING scroll labelled AGUZXY CUGO.
  1003 | D:1      | 1003 ||| DRINKING 3 smoky orange potions.
  1004 | D:1      | 1004 ||| DROPPING scroll of blinking.
  1005 | D:1      | 1005 ||| DROPPING 2 potions of brilliance.
  1238 | D:2      | HP: 3/17 [ufetubus (4)]
  1239 | D:2      | Slain by an ufetubus

Levels and vault maps discovered:
D:1:      eino_arrival_water_cross, layout_basic, minmay_pentomino_w4
D:2:      layout_basic, basic_altar, grunt_decor_mini_mirrors

Skill      XL: |  1  2 |
---------------+-------+-----
Axes           | 3 |  3.6
Fighting       | |  2.0
Throwing       | |  1.0
Armour         | |  1.1
Dodging        | |  2.1
Spellcasting   | |  2.0
Translocations | |  2.4

Action                   || total
-------------------------++-------
Melee: Hand axe          ||    32
       Kick              ||     7
       Peck              ||     3
Throw: Boomerang         ||     7
  Use: Scroll            ||     4
       Potion            ||     1
Armor: Leather armour    ||    17
Dodge: Dodged            ||    28

Table legend:
 A = Non-vault XP
 B = Vault XP
 C = Vault XP percentage of total XP
 D = Non-vault monster count
 E = Vault monster count
 F = Vault count percentage of total count
                 A         B        C        D         E       F
            +---------+---------+-------+---------+---------+-------
      Total |      20 |      12 |  37.5 |       6 |       7 |  53.8
            +---------+---------+-------+---------+---------+-------
        D:1 |       7 |      12 |  63.2 |       5 |       7 |  58.3
        D:2 |      13 |       0 |   0.0 |       1 |       0 |   0.0
            +---------+---------+-------+---------+---------+-------
